 Dungeon Crawl Stone Soup version 0.32-a0-938-g40ac7a0f4d (webtiles) character file.

Game seed: 3689085382340651915

1162 ezpacito the Chopper (level 8, -8/61 HPs)
             Began as a Coglin Chaos Knight on Apr 15, 2024.
             Was a Plaything of Xom.
             Killed by nerve-wracking pain
             ... invoked by Grinder
              (12 damage)
             ... while paralysed by Grinder
             ... on level 6 of the Dungeon.
             The game lasted 00:03:51 (4317 turns).

ezpacito the Chopper (Coglin Chaos Knight)          Turns: 4317, Time: 00:03:52

Health: -8/61      AC:  6    Str: 14    XL:     8   Next: 39%
Magic:  10/10      EV:  2    Int: 12    God:    Xom [......]
Gold:   59         SH:  0    Dex: 14    Spells: 7/10 levels left

rFire   . . .        a - +0 hand axe (chaos) {Kendra}
rCold   . . .        r - +0 trident {Tochtli}
rNeg    . . .        b - +2 leather armour
rPois   .            g - +1 hat {Will+}
rElec   .            (no cloak)
rCorr   .            (no gloves)
SInv    .            (no boots)
Will    +....        (amulet unavailable)
Stlth   ++           (ring unavailable)
HPRegen 0.30/turn    (ring unavailable)
MPRegen 0.12/turn    (no gizmo)

%: no passive effects
@: paralysed, revved
A: off-hand wielding, slow wielding, warmup strikes, no jewellery, passive
freeze, MP-powered wands
a: Invent Gizmo, Renounce Religion


You were on level 6 of the Dungeon.
You worshipped Xom.
You were a very special plaything of Xom.
You visited 2 branches of the dungeon, and saw 7 of its levels.

You collected 246 gold pieces.
You spent 187 gold pieces at shops.

Inventory:

Hand Weapons
 a - a +0 hand axe of chaos (weapon) {Kendra}
 r - a +0 trident (offhand) {Tochtli}
Missiles
 m - 6 boomerangs (quivered)
 v - 5 poisoned darts
 y - a throwing net
Armour
 b - a +2 leather armour (worn)
 e - a +0 helmet
 g - a +1 hat of willpower (worn)
Wands
 k - a wand of iceblast (12)
 w - a wand of polymorph (8)
Scrolls
 c - a scroll of noise {unknown}
 f - 2 scrolls of fog
 t - 2 scrolls of teleportation
Potions
 h - 2 potions of haste
 i - a potion of attraction {unknown}
 l - 2 potions of berserk rage
 n - a potion of invisibility {unknown}
 o - 3 potions of mutation
 p - 2 potions of resistance {unknown}
 q - a potion of curing
 u - a potion of might {unknown}
 z - a potion of brilliance


   Skills:
 * Level 4.5 Fighting
 * Level 4.7(5.2) Axes
 * Level 2.9(4.0) Polearms
 + Level 1.7 Throwing
 * Level 3.5 Armour
 * Level 3.2 Dodging
 + Level 1.9 Stealth
 + Level 1.8 Spellcasting
 + Level 1.5 Conjurations
 + Level 1.7 Alchemy
 + Level 2.4 Evocations


You had 7 spell levels left.
You knew the following spells:

 Your Spells              Type           Power      Damage    Failure   Level
x - Mephitic Cloud        Conj/Alch/Air  3%         N/A       54%         3

Your spell library contained the following spells:

 Spells                   Type           Power      Damage    Failure   Level
 Sublimation of Blood     Necr           1%         N/A       45%         2
 Dazzling Flash           Conj/Hex       4%         N/A       58%         3
 Petrify                  Alch/Erth      3%         N/A       94%         4
 Irradiate                Conj/Alch      2%         3d12      99%         5
 Curse of Agony           Necr           1%         N/A       100%        5
 Silence                  Hex/Air        0%         N/A       100%        5
 Starburst                Conj/Fire      1%         6d3       100%        6
 Maxwell's Capacitive Co  Air            0%         ∞         100%        8


Dungeon Overview and Level Annotations

Branches:
Dungeon (6/15)             Temple (1/1) D:4

Altars:
Ashenzari
Cheibriados
Dithmenos
Elyvilon
Fedhas
Gozag
Hepliaklqana
Kikubaaqudgha
Makhleb
Nemelex Xobeh
Okawaru
Qazlal
Ru
Sif Muna
Trog
Uskayaw
Wu Jian
Yredelemnul
Zin

Shops:
D:5 *

Annotations:
D:6 Blork the orc, Grinder


Innate Abilities, Weirdness & Mutations

You can wield a second weapon in your off-hand.
It takes a long time for you to wield or remove held weapons.
Your first few attacks do less damage.
You cannot equip rings or amulets.
A frigid envelope surrounds you and freezes all who hurt you.
You expend magic power (3 MP) to strengthen your wands.


Message History

The orc warrior is very cold.
You kill the orc warrior!
Grinder gestures at you. Something hits you but does no damage.
You hit something with your +0 hand axe of chaos.
You feel better.
You hit something with your +0 trident.
Reactivating autopickup.
You feel a bit more experienced.
You closely miss Grinder with your +0 hand axe of chaos.
You closely miss Grinder with your +0 trident.
Grinder blinks!
Blork the orc comes into view.
He is wielding a +0 scimitar.
Blork the orc shouts!
Grinder says, "DUCK!"
Items here: $ ) [ †.
Blork the orc casts a cantrip, but nothing happens.
Grinder hits you.
You writhe in agony.
You take 7 damage, and have 35/61 hp.
You hit Grinder but do no damage. Lightning courses through Grinder!
Grinder is moderately wounded.
You closely miss Grinder with your +0 trident.
Grinder gestures at you.
You suddenly lose the ability to move!
Grinder hits you.
You writhe in agony.
Blork the orc casts a spell.
Blork the orc seems to speed up.
Blork the orc casts a spell at you. The puff of flame hits you.
Grinder blinks!
Blork the orc hits you with a +0 scimitar!
* * * LOW HITPOINT WARNING * * *
Blork the orc is very cold.
Blork the orc is lightly wounded.
Blork the orc hits you with a +0 scimitar!
* * * LOW HITPOINT WARNING * * *
Blork the orc is very cold.
Blork the orc is lightly wounded.
Grinder gestures at you. Pain shoots through your body!
You die...
Grinder sighs, "Dead already?
I want a refund."
Xom is highly amused!

############## *,,,,,,,,**
#.....######## *,##***,,,********
#.....########**,.,,,,,,,,,,,,,,*
#.............,,.#****,,,******,*
#.....########*#§## *,,,,* *,*
#.....#########§§.##*,*,,* *,*
###...<.....§§§§§..#*,*,,* *,*
###..#####.#§##§§§.##.#,,* *,*
###..#####.#...§@...5.#,,* **,*
###..#####.####..o.####,,* **,*,
###..#####>#####.#.#***,,****,***
#....#####.#..,......,,,,,,,,,,*,
#.#.######....,..#.###*,,****,*,*
#.#.########...#...* *,,* *,***
*,*,,,,,,,,,,,.#.#*# *,,* *,*
*,*********,,..#.# *,,* *,* *,*
*,,,,*,* *,,****,***


You could see Grinder and Blork the orc (fast).

Vanquished Creatures
  A water moccasin (D:5)
  An orc warrior (D:6)
  A black bear (D:5)
  2 ogres (D:5)
  2 scorpions
  5 killer bees
  A hound (D:5)
  3 iguanas (D:5)
  2 orc wizards (D:6)
  5 adders
  A white imp (D:5)
  2 ufetubi (D:6)
  3 dart slugs
  2 ribbon worms
  10 orcs
  10 ball pythons
  6 bats
  8 endoplasms
  2 giant cockroaches (D:3)
  2 goblins
  3 hobgoblins
  2 kobolds
  3 quokkas
  A frilled lizard (D:1)
  4 rats
82 creatures vanquished.

Vanquished Creatures (collateral kills)
  An ogre (D:5)
  An orc (D:4)
2 creatures vanquished.

Grand Total: 84 creatures vanquished

Notes
Turn   | Place    | Note
-------+----------+-------------------------------------------
     0 | D:1      | ezpacito the Coglin Chaos Knight began the quest for the
                  | Orb.
     0 | D:1      | Reached XP level 1. HP: 18/18 MP: 1/1
    90 | D:1      | XOM: silly message
    92 | D:1      | XOM: butterfly on damage
   162 | D:1      | Reached skill level 1 in Dodging
   163 | D:1      | Reached XP level 2. HP: 22/24 MP: 2/2
   194 | D:1      | XOM: silly message
   251 | D:1      | XOM: silly message
   385 | D:1      | XOM: silly message
   708 | D:1      | XOM: silly message
   883 | D:2      | XOM: divination: detect items
   944 | D:2      | Reached XP level 3. HP: 29/29 MP: 3/3
  1001 | D:2      | XOM: silly message
  1351 | D:2      | XOM: divination: detect creatures
  1488 | D:3      | Reached skill level 1 in Polearms
  1488 | D:3      | Reached XP level 4. HP: 35/35 MP: 4/4
  1546 | D:3      | Found a snail-covered altar of Cheibriados.
  1546 | D:3      | Found an ornate altar of the Wu Jian Council.
  1960 | D:3      | XOM: silly message
  2536 | D:4      | Noticed a scorpion
  2537 | D:4      | XOM: summons friendly crimson imp
  2541 | D:4      | Killed a scorpion
  2542 | D:4      | Reached XP level 5. HP: 35/41 MP: 4/6
  2681 | D:4      | XOM: 1-stop teleportation journey
  2729 | D:4      | Found a staircase to the Ecumenical Temple.
  2829 | D:4      | XOM: smoke on damage
  2970 | D:4      | XOM: give mutation
  2970 | D:4      | Gained mutation: Your mind is acute. (Int +4, Str/Dex -1)
                  | [Xom's grace]
  2979 | D:4      | XOM: give mutation
  2979 | D:4      | Gained mutation: You have a beak for a mouth. [Xom's grace]
  3095 | D:4      | Learned a level 3 spell: Mephitic Cloud
  3130 | Temple   | Entered the Ecumenical Temple
  3144 | D:5      | Entered Level 5 of the Dungeon
  3155 | D:5      | Lost mutation: Your mind is acute. (Int +4, Str/Dex -1)
                  | [potion of mutation]
  3155 | D:5      | Lost mutation: You have a beak for a mouth. [potion of
                  | mutation]
  3155 | D:5      | Gained mutation: You expend magic power (3 MP) to
                  | strengthen your wands. [potion of mutation]
  3155 | D:5      | Gained mutation: A frigid envelope surrounds you and
                  | freezes all who hurt you. [potion of mutation]
  3156 | D:5      | Reached skill level 1 in Evocations
  3169 | D:4      | Reached skill level 1 in Stealth
  3169 | D:4      | Reached skill level 1 in Spellcasting
  3169 | D:4      | Reached XP level 6. HP: 29/48 MP: 7/7
  3450 | D:5      | XOM: cast spell 'Summon Ice Beast'
  3457 | D:5      | Reached skill level 1 in Throwing
  3486 | D:5      | Found a bloodstained altar of Trog.
  3492 | D:5      | Reached XP level 7. HP: 45/53 MP: 8/8
  3531 | D:5      | XOM: 2-stop teleportation journey
  3539 | D:5      | Reached skill level 1 in Conjurations
  3539 | D:5      | Reached skill level 1 in Alchemy
  3565 | D:5      | XOM: 2-stop teleportation journey
  3737 | D:5      | XOM: summons 7 friendly demons
  3742 | D:5      | Reached XP level 8. HP: 61/61 MP: 10/10
  4037 | D:5      | Found Jal Nao's General Store.
  4045 | D:5      | Bought a wand of iceblast (4) for 115 gold pieces
  4045 | D:5      | Bought a scroll of identify for 24 gold pieces
  4045 | D:5      | Bought a potion of brilliance for 48 gold pieces
  4242 | D:6      | XOM: blink monster(s)
  4303 | D:6      | Noticed Grinder
  4307 | D:6      | XOM: fog
  4313 | D:6      | Noticed Blork the orc
  4315 | D:6      | Paralysed by Grinder for 4 turns
  4317 | D:6      | Killed from afar by Grinder

Illustrated notes

Levels and vault maps discovered:
D:1:      amcnicky_arrival_underground_garden, layout_loops_cross,
          serial_rivers, chequers_serial_rivers_micro_e,
          chequers_serial_rivers_small_a, chequers_serial_rivers_micro_b,
          chequers_serial_rivers_large_a, kennysheep_flooded_box,
          ebering_dispersal_statue_hall
D:2:      layout_loops_cross, chequers_serial_rivers_micro_c
D:3:      layout_basic, nicolae_overflow_two_pavilions,
          kennysheep_generic_room_13
D:4:      layout_cave_pools, minmay_temple_entry_enclosed_plants
D:5:      layout_loops_cross, bloody_trog, serial_shops,
          nicolae_shop_gibbet_a_chance
D:6:      layout_loops_ring, enter_ossuary_2, portal_sewer_entry_d,
          minivault_22, uniq_grinder, uniq_blork_the_orc
Temple:   compressed_dpeg_triangle_lava_temple

Skill      XL: |  1  2  3  4  5  6  7  8 |
---------------+-------------------------+-----
Dodging        | 1 2 3 |  3.2
Armour         | 2 3 |  3.5
Polearms       | 1 2 |  2.9
Evocations     | 1 2 |  2.4
Stealth        | 1 |  1.9
Spellcasting   | 1 |  1.8
Axes           | 4 |  4.7
Throwing       | 1 |  1.7
Fighting       | 4 |  4.5
Conjurations   | 1 |  1.5
Alchemy        | 1 |  1.7

Action                     |  1- 3 |  4- 6 |  7- 9 || total
---------------------------+-------+-------+-------++-------
  Melee: Hand axe          |    65 |    62 |    44 ||   171
         Dagger            |    37 |       |       ||    37
         Spear             |    32 |    25 |       ||    57
         Trident           |       |    51 |    46 ||    97
    Use: Potion            |       |     2 |       ||     2
         Scroll            |       |     1 |     8 ||     9
   Stab: Sleeping          |     2 |       |     1 ||     3
 Armour: Leather armour    |    37 |    38 |    42 ||   117
  Dodge: Dodged            |    44 |    52 |    21 ||   117

Table legend: (Time is in decaauts)
 A = Elapsed time spent in this place.
 B = Non-inter-level travel time spent in this place.
 C = Inter-level travel time spent in this place.
 D = Time resting spent in this place.
 E = Time spent auto-exploring this place.
 F = Levels seen in this place.
 G = Mean time per level.
                   A        B        C        D        E       F      G
               +--------+--------+--------+--------+--------+-----+--------+
         Total |   4349 |   4060 |    289 |    286 |   3192 |   7 |  621.3 |
       Dungeon |   4347 |   4059 |    288 |    286 |   3192 |   6 |  724.5 |
        Temple |      1 |      1 |      0 |      0 |      0 |   1 |    1.0 |
               +--------+--------+--------+--------+--------+-----+--------+

Top non-repeatable levels by time:
     D:3: 1030 daAuts
     D:4: 904 daAuts
     D:1: 859 daAuts
     D:5: 836 daAuts
     D:2: 639 daAuts
     D:6: 77 daAuts
  Temple: 1 daAuts
